 Dungeon Crawl Stone Soup version 0.30-a0-924-g0ad0bf95bc (webtiles) character file.

Game seed: 18256373035908340402

13845 jlumianski the Fighter (level 11, -3/94 HPs)
             Began as a Demonspawn Fighter on Mar 22, 2023.
             Was a Believer of Qazlal.
             Slain by an eight-headed hydra (8 damage)
             ... on level 9 of the Dungeon.
             The game lasted 00:40:43 (8770 turns).

jlumianski the Fighter (Demonspawn Fighter)         Turns: 8770, Time: 00:40:43

Health: -3/94      AC: 26    Str: 25    XL:     11   Next: 80%
Magic:  15/15      EV: 11    Int: 13    God:    Qazlal [**....]
Gold:   622        SH:  7    Dex: 17    Spells: 10/10 levels left

rFire   . . .      SeeInvis .    v - +4 quarterstaff (chaos)
rCold   + . .      Faith    .    (shield currently unavailable)
rNeg    . . .      Spirit   .    X - +0 crystal plate armour
rPois   .          Reflect  .    C - +2 helmet
rElec   .          Rampage  .    w - +0 cloak
rCorr   .                        (no gloves)
Will    .....                    f - +0 pair of boots Stlth
                                 (no amulet)
HPRegen 0.35/turn                u - +5 ring of evasion
MPRegen 0.14/turn                S - +6 ring of dexterity

@: no status effects
A: spiny 2, big brain 2, condensation shield, weakness stinger 2, cold
resistance 1, sense surroundings 1, screaming 1, strong 1
a: Renounce Religion, Upheaval


You were on level 9 of the Dungeon.
You worshipped Qazlal.
Qazlal was pleased with you.
You visited 2 branches of the dungeon, and saw 11 of its levels.
You also visited: Ossuary and Bailey.

You collected 622 gold pieces.

Inventory:

Hand Weapons
 h - a +4 broad axe
 v - a +4 quarterstaff of chaos (weapon)
 B - the +5 woodcutter's axe
   (You took it off a gnoll on level 3 of the Dungeon)
 O - a +5 heavy executioner's axe
Missiles
 y - 2 throwing nets (quivered)
 Q - 9 boomerangs
 T - 33 poisoned darts
 Y - a curare-tipped dart
Armour
 f - a +0 pair of boots (worn)
 o - a +0 kite shield
 w - a +0 cloak (worn)
 C - a +2 helmet (worn)
 E - a +2 hat
 N - a +0 plate armour
 U - the +3 ring mail "Sanon" {-Cast Harm Will++ Dex+8}
   (You found it on level 7 of the Dungeon)

   Dex:       It affects your dexterity (+8).
   -Cast:     It prevents spellcasting.
   Harm:      It increases damage dealt and taken.
   Will:      It greatly increases your willpower.
 X - a +0 crystal plate armour (worn)
Jewellery
 u - a +5 ring of evasion (left hand)
 x - an amulet of magic regeneration
 S - a +6 ring of dexterity (right hand)
Wands
 g - a wand of quicksilver (7)
 A - a wand of roots (10)
 D - a wand of polymorph (14)
 W - a wand of flame (8)
Scrolls
 e - a scroll of fog
 j - 2 scrolls of noise
 k - a scroll of enchant weapon
 l - a scroll of blinking
 m - 4 scrolls of fear
 n - a scroll of vulnerability
 p - a scroll of poison {unknown}
 s - a scroll of magic mapping
 z - 9 scrolls of teleportation
 G - a scroll of amnesia {unknown}
 H - a scroll of silence
 K - a scroll of identify
 V - a scroll of summoning {unknown}
Potions
 a - a potion of magic
 b - 2 potions of attraction
 c - a potion of berserk rage
 d - 9 potions of might
 q - 4 potions of haste
 r - 3 potions of brilliance
 t - 2 potions of mutation
 F - 7 potions of curing
 I - 3 potions of cancellation
 J - a potion of ambrosia
 L - a potion of invisibility
 M - 3 potions of heal wounds
 R - a potion of lignification
Miscellaneous
 P - a phial of floods


   Skills:
 + Level 11.6 Fighting
 + Level 9.0 Axes
 - Level 0.8 Throwing
 + Level 10.3 Armour
 - Level 2.2 Dodging
 - Level 0.3 Stealth
 - Level 3.5 Shields
 * Level 6.2 Invocations


You had 10 spell levels left.
You didn't know any spells.
Your spell library contained the following spells:

 Spells                   Type           Power      Damage    Failure   Level
 Apportation              Tloc           0%         N/A       100%        1
 Necrotise                Necr           0%         1d4       100%        1
 Summon Small Mammal      Summ           0%         N/A       100%        1
 Ignite Poison            Fire/Tmut/Pois 0%         N/A       100%        3
 Sticky Flame             Conj/Fire      0%         2d3       100%        4
 Ignition                 Fire           0%         3d3       100%        8


Dungeon Overview and Level Annotations

Branches:
Dungeon (10/15)            Temple (1/1) D:6         Ossuary (visited)
 Bailey (visited)
   Lair: D:8-11         Orc: D:9-12

Altars:
Cheibriados
Dithmenos
Fedhas
Hepliaklqana
Makhleb
Qazlal
Ru
Sif Muna
Trog
Vehumet
Wu Jian
Yredelemnul

Shops:
D:2 =


Innate Abilities, Weirdness & Mutations

You are mostly covered in sharp spines.
You have an extremely huge brain. (Int +4)
A meltable shield of frost defends you. (SH +4)
You have a tail ending in a sharp stinger.
Your flesh is cold resistant. (rC+)
You passively map a small area around you.
You occasionally shout uncontrollably at your foes.
Your muscles are strong. (Str +4, Int/Dex -1)


Message History

The eight-headed hydra bites you but does no damage.
The eight-headed hydra barely misses you.
The eight-headed hydra bites you but does no damage.
You block the eight-headed hydra's attack.
The eight-headed hydra bites you but does no damage.
An orc wizard comes into view. It is wielding a +0 dagger.
You sock the eight-headed hydra!
The eight-headed hydra resists with almost no effort.
The eight-headed hydra is moderately wounded.
The eight-headed hydra is struck by your spines.
The eight-headed hydra bites you but does no damage. x5
The eight-headed hydra bites you. The eight-headed hydra bites you!
The eight-headed hydra barely misses you.
The orc wizard casts a spell.
The orc wizard flickers and vanishes!
Deactivating autopickup; reactivate with Ctrl-A.
The eight-headed hydra bites you.
* * * LOW HITPOINT WARNING * * *
The eight-headed hydra closely misses you.
The eight-headed hydra bites you but does no damage. x2
The eight-headed hydra bites you!
* * * LOW HITPOINT WARNING * * *
The eight-headed hydra bites you but does no damage.
The eight-headed hydra bites you.
* * * LOW HITPOINT WARNING * * *
You block the eight-headed hydra's attack.
Okay, then.
Unknown command.
Okay, then.
Throw: 3 throwing nets
Press: ? - help, Q - select action, (/) - cycle Shift-Dir - straight line, f/p - eight-headed hydra
Aim: an eight-headed hydra (heavily wounded, 81% to hit, immune to nets)
You throw a throwing net.
The throwing net barely misses the eight-headed hydra.
The eight-headed hydra is struck by your spines.
The eight-headed hydra bites you!
* * * LOW HITPOINT WARNING * * *
You block the eight-headed hydra's attack.
The eight-headed hydra bites you!
You die...

, * ,* , , . .. , , .(#. , ***# *
.. , *** ,*#.(# ** ##. #
*#..#....# #..#.(# #..# #
#.##....##.#..#..#* #...##*#
##.##....##....#(.# #....( #
..............##.. ####. *#...# #
..............#.D#.....#, #...# #
.####.....##..#§@☼...... #...###
.####........##)..#####.,, #....)
.#....#†.....#.####...#### #..###
.[.....†....)†##.........###..#..
##.^..##'#...†...............##.#
#....##.#....................#.#
#....##.#............####.##.#.#
#....##.#............# #..(...#
##....##.#............# ####.#.#


You could see an eight-headed hydra.

Vanquished Creatures
  An orc warlord (Bailey)
  Erica (D:9)
  2 two-headed ogres
  Harold (D:9)
  2 centaur warriors
  Joseph (D:7)
  A kobold demonologist (D:9)
  A tengu conjurer (D:9)
  A troll (D:9)
  A shadow (D:9)
  2 wyverns
  10 yaks
  Grum (D:9)
  4 vampire mosquitoes (D:6)
  Menkaure (D:5)
  Edmund (D:5)
  2 acid dragons (D:9)
  Duvessa (D:6)
  2 water moccasins
  16 orc warriors
  3 ogres
  2 centaurs
  4 wolves (D:9)
  A phantom (D:6)
  3 kobold brigands
  A gnoll sergeant (D:3)
  A scorpion (D:4)
  5 bullfrogs
  4 wights (D:8)
  Dowan (D:6)
  14 killer bees
  5 howler monkeys
  2 bullfrog zombies (D:6)
  3 hounds (D:5)
  3 jellies
  A sleepcap (D:3)
  Crazy Yiuf (D:2)
  4 orc priests
  Terence (D:3)
  3 iguanas
  5 orc wizards
  13 mummies (Ossuary)
  Robin (D:2)
  19 gnolls
  6 adders
  3 shadow imps
  3 white imps
  2 worms
  A dart slug (D:4)
  25 orcs
  4 ball pythons
  6 endoplasms
  A giant cockroach (D:4)
  31 goblins
  13 hobgoblins
  10 kobolds
  3 quokkas
  5 bats
  2 frilled lizards
  2 gnoll skeletons (Ossuary)
  3 goblin skeletons (Ossuary)
  2 kobold skeletons (Ossuary)
  An orc skeleton (Ossuary)
  4 rats
  11 rat skeletons (Ossuary)
290 creatures vanquished.

Notes
Turn   | Place    | Note
-------+----------+-------------------------------------------
     0 | D:1      | jlumianski the Demonspawn Fighter began the quest for the
                  | Orb.
     0 | D:1      | Reached XP level 1. HP: 18/18 MP: 1/1
   570 | D:1      | Gained mutation: A meltable shield of frost defends you.
                  | (SH +4) [demonic ancestry]
   570 | D:1      | Reached XP level 2. HP: 23/24 MP: 2/2
   910 | D:2      | Gained mutation: You are partially covered in sharp spines.
                  | [demonic ancestry]
   910 | D:2      | Reached XP level 3. HP: 29/29 MP: 3/3
  1037 | D:2      | Found a faded altar of an unknown god.
  1134 | D:2      | Found a burning altar of Makhleb.
  1165 | D:2      | Noticed Robin
  1183 | D:2      | Killed Robin
  1184 | D:2      | Reached XP level 4. HP: 33/35 MP: 4/4
  1337 | D:2      | Found Silashri's Jewellery Boutique.
  1616 | D:2      | Found a runed translucent door.
  1617 | D:2      | Noticed Crazy Yiuf
  1629 | D:2      | Killed Crazy Yiuf
  1708 | D:3      | Gained mutation: You have a small tail. [demonic ancestry]
  1708 | D:3      | Reached XP level 5. HP: 36/42 MP: 5/5
  1784 | D:3      | Noticed Terence
  1795 | D:3      | Killed Terence
  1932 | D:3      | Reached XP level 6. HP: 48/48 MP: 6/6
  1940 | D:4      | Reached skill level 4 in Fighting
  2421 | D:3      | Reached skill level 1 in Dodging
  2657 | D:3      | Gained mutation: Your muscles are strong. (Str +4, Int/Dex
                  | -1) [potion of mutation]
  2657 | D:3      | Gained mutation: You occasionally shout uncontrollably at
                  | your foes. [potion of mutation]
  2657 | D:3      | Gained mutation: You passively map a small area around you.
                  | [potion of mutation]
  2657 | D:3      | Gained mutation: Your flesh is cold resistant. (rC+)
                  | [potion of mutation]
  2897 | D:5      | Entered Level 5 of the Dungeon
  2959 | D:4      | Reached XP level 7. HP: 45/55 MP: 7/7
  3661 | D:5      | Reached skill level 5 in Fighting
  3722 | D:5      | Noticed Menkaure
  3727 | D:5      | Killed Menkaure
  3728 | D:5      | Reached skill level 5 in Armour
  3769 | D:5      | Noticed Edmund
  3774 | D:5      | Killed Edmund
  3775 | D:5      | Gained mutation: You have an unusually large brain. (Int
                  | +2) [demonic ancestry]
  3775 | D:5      | Reached XP level 8. HP: 63/63 MP: 8/8
  3931 | D:5      | Reached skill level 6 in Fighting
  4695 | D:7      | Noticed Joseph
  4701 | D:7      | Found a flagged portal.
  4712 | Bailey   | Entered a bailey
  4828 | Bailey   | Reached skill level 7 in Fighting
  4910 | Bailey   | Gained mutation: You have an extremely huge brain. (Int +4)
                  | [demonic ancestry]
  4910 | Bailey   | Reached XP level 9. HP: 72/72 MP: 9/9
  4989 | Bailey   | Reached skill level 8 in Fighting
  5028 | Bailey   | Noticed an orc warlord
  5038 | Bailey   | Reached skill level 5 in Axes
  5053 | Bailey   | Killed an orc warlord
  5062 | Bailey   | Reached skill level 9 in Fighting
  5245 | D:7      | Killed Joseph
  5246 | D:7      | Gained mutation: You have a tail ending in a sharp stinger.
                  | [demonic ancestry]
  5246 | D:7      | Reached XP level 10. HP: 72/83 MP: 10/10
  5329 | D:7      | Found a sacrificial altar of Ru.
  5329 | D:7      | Found a snail-covered altar of Cheibriados.
  5466 | D:6      | Found a shadowy altar of Dithmenos.
  5515 | D:6      | Found a basalt altar of Yredelemnul.
  5602 | D:6      | Noticed Dowan
  5602 | D:6      | Noticed Duvessa
  5609 | D:6      | Killed Dowan
  5617 | D:6      | Killed Duvessa
  6053 | D:6      | Found a staircase to the Ecumenical Temple.
  6064 | Temple   | Entered the Ecumenical Temple
  6083 | Temple   | Became a worshipper of Qazlal Stormbringer
  6370 | D:7      | Found a shimmering blue altar of Sif Muna.
  6443 | D:7      | Identified the +3 ring mail "Sanon" {-Cast Harm Will++
                  | Dex+8}
  6493 | D:8      | Acquired a +5 heavy executioner's axe
  6585 | D:8      | Reached skill level 10 in Fighting
  6596 | D:8      | Reached skill level 1 in Invocations
  6674 | D:8      | Found a sand-covered staircase.
  6689 | Ossuary  | Entered an ossuary
  6754 | Ossuary  | Reached * piety under Qazlal
  6908 | Ossuary  | Acquired a +0 broad axe of flaming
  6909 | Ossuary  | Acquired the staff of fire "Bahogasm" {+Blink rF+ rC+++
                  | Dex-4 Stlth+}
  7132 | D:8      | Found a hazy altar of Hepliaklqana.
  7260 | D:9      | Noticed a two-headed ogre
  7301 | D:8      | Killed a two-headed ogre
  7407 | D:8      | Reached ** piety under Qazlal
  8215 | D:9      | Gained mutation: You are mostly covered in sharp spines.
                  | [demonic ancestry]
  8215 | D:9      | Reached XP level 11. HP: 87/92 MP: 13/13
  8215 | D:9      | Noticed Grum
  8224 | D:9      | Killed Grum
  8237 | D:10     | Entered Level 10 of the Dungeon
  8243 | D:10     | Noticed a centaur warrior
  8252 | D:10     | Killed a centaur warrior
  8441 | D:9      | Noticed Harold
  8450 | D:9      | Killed Harold
  8460 | D:9      | Reached skill level 11 in Fighting
  8462 | D:9      | Noticed Erica
  8463 | D:9      | Noticed a two-headed ogre
  8479 | D:9      | Killed a two-headed ogre
  8493 | D:9      | Reached skill level 5 in Invocations
  8493 | D:9      | Killed Erica
  8496 | D:9      | Reached skill level 10 in Armour
  8739 | D:9      | Noticed a centaur warrior
  8743 | D:9      | Killed a centaur warrior
  8761 | D:9      | Noticed an eight-headed hydra
  8770 | D:9      | Slain by an eight-headed hydra

Illustrated notes

Levels and vault maps discovered:
D:1:      dpeg_arrival_simpleton_a, layout_loops_cross, kennysheep_crisscross
D:2:      layout_basic, shapermc_ecumenical_altar_venn, serial_shops,
          nicolae_shop_competitors_out_of_business, basic_altar, wad_orctagon,
          uniq_robin, uniq_crazy_yiuf_cottage
D:3:      layout_basic, pf_guarded_unrand_woodcutter, uniq_terence
D:4:      layout_loops_cross, chequers_serial_rivers_micro_a
D:5:      layout_basic, serial_curves, eino_curves_03, eino_curves_01,
          eino_curves_03, eino_curves_01, nicolae_eternal_life, uniq_menkaure,
          uniq_edmund
D:6:      layout_cave_pods, lemuel_zombie_altar_yredelemnul,
          mainiacjoe_overflow_small_starburst, temple_hall, uniq_duvessa
D:7:      layout_basic, gammafunk_temple_overflow_elements,
          mainiacjoe_overflow_paths, enter_bailey_5, uniq_joseph
D:8:      layout_loops_ring, grunt_temple_overflow_open, enter_ossuary_5,
          minivault_24
D:9:      layout_basic, minmay_pinched_square, uniq_erica, uniq_harold,
          uniq_grum
D:10:     layout_big_octagon, grunt_temple_overflow_opulence,
          mainiacjoe_overflow_alcove_2, nicolae_overflow_two_pavilions,
          hellmonk_ghost_happy_afterlife, serial_gnoll_camp,
          gnoll_camp_mini_hut, gnoll_camp_medium_02, gnoll_camp_medium_01,
          gnoll_camp_mini_hut, gnoll_camp_huts_basic, minmay_statues_item,
          uniq_maurice
Temple:   nicolae_temple_two_arcs

Skill      XL: |  1  2  3  4  5  6  7  8  9 10 11 |
---------------+----------------------------------+-----
Armour         | 3 4 5 7 8 9 10 | 10.3
Axes           | 2 3 4 6 7 9 |  9.0
Shields        | 3 |  3.5
Fighting       | 4 5 7 9 10 11 | 11.6
Dodging        | 1 2 |  2.2
Invocations    | 3 6 |  6.2
Throwing       | |  0.8
Stealth        | |  0.3

Action                     |  1- 3 |  4- 6 |  7- 9 | 10-12 || total
---------------------------+-------+-------+-------+-------++-------
  Melee: War axe           |   105 |    99 |       |       ||   204
         Tailslap          |       |    10 |    21 |    25 ||    56
         Battleaxe         |       |    18 |   150 |   236 ||   404
         Quarterstaff      |       |       |       |     2 ||     2
  Throw: Stone             |     7 |     3 |     2 |       ||    12
         Boomerang         |       |       |       |     5 ||     5
         Dart              |       |       |       |     2 ||     2
         Throwing net      |       |       |       |     2 ||     2
 Invoke: Upheaval          |       |       |       |     1 ||     1
  Evoke: Wand              |       |       |       |     1 ||     1
    Use: Potion            |       |     2 |     4 |     3 ||     9
         Scroll            |       |     7 |     4 |    11 ||    22
   Stab: Invisible         |       |       |     1 |       ||     1
 Armour: Scale mail        |    52 |    26 |    12 |       ||    90
         Chain mail        |       |       |    26 |       ||    26
         Plate armour      |       |       |    14 |    56 ||    70
         Crystal plate arm |       |       |       |    53 ||    53
  Dodge: Dodged            |    31 |    61 |   100 |   116 ||   308
  Block: Buckler           |    48 |    35 |       |       ||    83
         Other             |       |     1 |    29 |    70 ||   100

Table legend: (Time is in decaauts)
 A = Elapsed time spent in this place.
 B = Non-inter-level travel time spent in this place.
 C = Inter-level travel time spent in this place.
 D = Time resting spent in this place.
 E = Time spent auto-exploring this place.
 F = Levels seen in this place.
 G = Mean time per level.
                   A        B        C        D        E       F      G
               +--------+--------+--------+--------+--------+-----+--------+
         Total |   8888 |   8672 |    216 |     62 |   5829 |  13 |  683.7 |
       Dungeon |   7987 |   7771 |    216 |     49 |   5574 |  10 |  798.7 |
        Temple |     29 |     29 |      0 |      0 |      4 |   1 |   29.0 |
       Ossuary |    338 |    338 |      0 |      0 |    103 |   1 |  338.0 |
        Bailey |    532 |    532 |      0 |     13 |    148 |   1 |  532.0 |
               +--------+--------+--------+--------+--------+-----+--------+

Top non-repeatable levels by time:
     D:5: 1167 daAuts
     D:3: 1013 daAuts
     D:2: 1013 daAuts
     D:8: 978 daAuts
     D:4: 881 daAuts
     D:6: 876 daAuts
     D:7: 783 daAuts
     D:1: 617 daAuts
     D:9: 608 daAuts
  Bailey: 532 daAuts
 Ossuary: 338 daAuts
    D:10: 48 daAuts
  Temple: 29 daAuts
